 Dungeon Crawl Stone Soup version 0.19-a0-934-gf1df8d1 (webtiles) character file.

9 ololoev the Vexing (level 2, 0/23 HPs)
             Began as a Ghoul Arcane Marksman on July 7, 2016.
             Slain by a bat (1 damage)
             ... on level 1 of the Dungeon.
             The game lasted 00:01:35 (591 turns).

ololoev the Vexing (Ghoul Arcane Marksman)           Turns: 591, Time: 00:01:36

Health: 0/23       AC:  2    Str: 14    XL:     2   Next: 12%
Magic:  2/2        EV: 12    Int:  8    God:
Gold:   0          SH:  0    Dex:  8    Spells: 0 memorised, 3 levels left

rFire  . . .     SeeInvis .     a - +0 whip
rCold  + . .     Gourm    .     b - +0 robe
rNeg   + + +     Faith    .     (no shield)
rPois  ∞         Spirit   .     (no helmet)
rElec  .         Dismiss  .     (no cloak)
rCorr  .         Reflect  .     (no gloves)
SustAt .         Harm     .     (no boots)
MR     .....                    (no amulet)
Stlth  +.........               (no ring)
                                (no ring)

@: rotting, not resistant to hostile enchantments, very unstealthy
A: rotting body, claws 1, carnivore 3, cold resistance 1, negative energy
resistance 3, slow regeneration 1, torment resistance, unbreathing
a: no special abilities


Innate Abilities, Weirdness & Mutations

Your body is rotting away.
You thrive on raw meat.
You are immune to poison.
You have sharp fingernails.
You are carnivorous and can eat meat at any time.
Your flesh is cold resistant. (rC+)
You are immune to negative energy. (rN+++)
You regenerate slowly when monsters are visible.
You are immune to unholy pain and torment.
You can survive without breathing.

Inventory:

Hand Weapons
 a - a +0 whip (weapon)
Missiles
 c - 3 javelins (quivered)
 d - 2 throwing nets
Armour
 b - a +0 robe (worn)
 j - a cursed -2 scale mail
Scrolls
 g - 3 scrolls of remove curse {unknown}
 h - a scroll of enchant armour {unknown}
 l - a scroll of teleportation {unknown}
Potions
 e - a potion of heal wounds {unknown}
 i - a potion of haste
Comestibles
 f - a meat ration


   Skills:
 + Level 1.3 Fighting
 * Level 0.6 Maces & Flails
 + Level 1.9 Throwing
 + Level 0.1 Armour
 + Level 2.0 Dodging
 - Level 1.0 Spellcasting
   Level 2.4 Hexes


You had 3 spell levels left.
You didn't know any spells.


You were on level 1 of the Dungeon.
You were not hungry.

You visited 1 branch of the dungeon, and saw 1 of its levels.

.g.........### #.##..####=)##
#####).......# #..#.##....##
...........#.#####÷..##....#
..###..........)......#..^.#
###.......####.......>...#
.............####.....(..#..#
#####....>...?.....>.....#.....
#..####(#####........####..
#.## #....b@........# ##. #..
###.J....###.### #..
#..####...... ..# .....#
####... g.....# .. ......?# .
.......# ........

Notes
Turn   | Place    | Note
-------+----------+-------------------------------------------
     0 | D:1      | ololoev the Ghoul Arcane Marksman began the quest for the Orb.
     0 | D:1      | Reached XP level 1. HP: 16/16 MP: 1/1
    29 | D:1      | Wingboner: Ты мгновенно мрёшь, однако.
    29 | D:1      | ololoev: табтабтаб
    29 | D:1      | ololoev: в эрли пофиг
    73 | D:1      | Wingboner: В мегазиге тоже. Только вместо таба штырь.
   574 | D:1      | Reached XP level 2. HP: 17/23 MP: 2/2
   588 | D:1      | HP: 1/23 [ooze (1)]
   591 | D:1      | Slain by a bat

Dungeon Overview and Level Annotations

Branches:
Dungeon (1/15)

Altars:


Message History

You throw a javelin. The javelin hits the hobgoblin.
You kill the hobgoblin!
The bat hits you. The bat misses you.
You hit the bat.
The bat is severely wounded.
The bat closely misses you.
You closely miss the bat.
The bat is severely wounded.
The bat misses you. The bat hits you but does no damage. The bat hits you.
You miss the bat.
The bat is severely wounded.
The bat hits you but does no damage.
You miss the bat.
The bat is severely wounded.
The bat hits you but does no damage.
You miss the bat.
The bat is severely wounded.
The bat closely misses you. The bat hits you.
The bat hits you but does no damage.
You hit the bat.
You kill the bat!
You start resting.
HP restored.
c - 4 javelins (gained 2)
You see here a club.
Found a scale mail.
Found a stone staircase leading down.
c - 5 javelins (gained 1)
A hobgoblin comes into view. It is wielding a club.
The hobgoblin shouts!
You see here a scale mail.
j - a scale mail A goblin comes into view.
The goblin shouts!
The hobgoblin barely misses you.
You closely miss the hobgoblin. The hobgoblin hits you with a club.
You barely miss the hobgoblin. The hobgoblin hits you with a club.
The goblin drinks a potion.
The goblin seems to speed up.
You hit the hobgoblin.
You kill the hobgoblin!
You have reached level 2!
You hit the goblin.
The goblin is moderately wounded.
The goblin hits you.
A bat comes into view.
You hit the goblin.
The goblin is severely wounded.
The goblin hits you. The goblin hits you but does no damage.
You barely miss the goblin.
The goblin is severely wounded.
The goblin closely misses you. The bat completely misses you.
The goblin hits you.
A dart slug comes into view.
You completely miss the goblin.
The goblin is severely wounded.
The bat barely misses you. The goblin barely misses you.
The ooze quivers.
The dart slug launches a dart at you. The slug dart hits you!
The goblin hits you. The bat hits you but does no damage.
The bat barely misses you. The goblin misses you. The bat misses you.
The goblin hits you. The bat misses you. The bat barely misses you. x2
Found a scroll labeled RAKHLU UNGEPT.
You barely miss the bat. The bat barely misses you.
Throwing (i - inventory. (,) - cycle):
c - 5 javelins (quivered)
Press: ? - help, Shift-Dir - straight line, f - goblin
Aim: a goblin (severely wounded, fast)
You throw a javelin. The javelin hits the goblin.
You kill the goblin!
Your Dodging skill increases to level 2!
Throwing (i - inventory. (,) - cycle):
c - 4 javelins (quivered)
Press: ? - help, Shift-Dir - straight line, f - ooze
Aim: an ooze You throw a javelin.
The javelin barely misses the ooze.
The ooze hits you.
A hobgoblin comes into view. It is wielding a club.
The bat hits you.
You die...

You could see an ooze and a bat.

Vanquished Creatures
  A goblin (D:1)
  3 hobgoblins (D:1)
  2 kobolds (D:1)
  A bat (D:1)
  A giant newt (D:1)
8 creatures vanquished.

Action                   || total
-------------------------++-------
Melee: Whip              ||    25
       Unarmed           ||     8
Throw: Javelin           ||     7
Armor: Robe              ||     8
Dodge: Dodged            ||    27

Vault maps used:
D:1:      lemuel_arrival_broad_hall
